Map: 16-Bit LE

Players

Tim - Winner!

  • Race: Protoss Protoss
  • League: Platinum
  • Spawn Location: 7:00

Root

  • Race: Terran Terran
  • League: Platinum
  • Spawn Location: 1:00

VOD

Have the link to the VOD?

Description

Time

  • Played on: July 23, 2018, 11 p.m.
  • Length: 17:42
Show
View Real Time Build Order
Export as new Build Order

Tim Protoss - Winner!

Build Orders: 1 Gate Expand 

Get SALT Encoding   

  12  0:02  Probe  
  13  0:14  Probe  
  14  0:20  Pylon  
  14  0:26  Probe  
  15  0:35  Probe  
  15  0:41  Gateway  
  16  0:43  Probe  
  17  0:50  Assimilator  
  17  0:52  Probe  
  18  1:04  Probe  
  19  1:14  Probe  
  20  1:22  Probe  
  21  1:38  Nexus  
  21  1:50  Probe  
  21  1:53  Cybernetics Core  
  22  1:56  Assimilator  
  22  2:02  Probe  
  23  2:15  Gateway  
  22  2:24  Pylon  
  22  2:36  Stalker  
  22  2:37  Pylon  
  22  2:42  Shield Battery  
  24  2:47  Probe  
  25  2:55  Probe  
  26  3:05  Nexus  
  26  3:14  Probe  
  27  3:20  Stalker  
  27  3:26  Probe  
  30  3:36  Stargate  
  30  3:39  Probe  
  31  3:42  Stalker  
  31  3:51  Probe  
  31  3:53  Protoss Air Weapons Level 1  
  34  4:00  Probe  
  34  4:03  Probe  
  34  4:08  Probe  
  36  4:10  Assimilator  
  36  4:15  Probe  
  36  4:16  Oracle  
  38  4:17  Probe, Forge  
  38  4:18  Pylon  
  39  4:25  Probe  
  39  4:29  Probe  
  44  4:34  Probe x2  
  46  4:41  Probe  
  47  4:46  Probe  
  47  4:48  Shield Battery  
  48  4:53  Probe  
  48  4:54  Zealot x2  
  53  5:01  Oracle  
  56  5:13  Probe  
  57  5:17  Pylon  
  57  5:20  Pylon  
  57  5:25  Probe  
  58  5:38  Probe  
  59  5:48  Probe  
  60  5:50  Probe, Protoss Ground Weapons Level 1  
  60  5:55  Twilight Council  
  61  5:58  Probe  
  61  6:00  Probe  
  63  6:06  Probe  
  63  6:07  Pylon  
  63  6:08  Assimilator  
  63  6:09  Pylon  
  64  6:12  Assimilator  
  64  6:15  Photon Cannon  
  64  6:16  Probe  
  64  6:17  Photon Cannon  
  64  6:18  Photon Cannon  
  64  6:19  Photon Cannon  
  64  6:20  Probe  
  64  6:25  Assimilator  
  66  6:28  Probe x2  
  66  6:31  Photon Cannon  
  68  6:33  Blink  
  68  6:38  Probe  
  68  6:40  Probe  
  68  6:43  Stargate  
  68  6:44  Pylon  
  68  6:46  Pylon  
  70  6:50  Pylon  
  70  6:55  Pylon  
  70  7:03  Pylon  
  70  7:06  Pylon  
  70  7:09  Pylon  
  70  7:44  Protoss Ground Armor Level 1  
  67  8:01  Warp Gate  
  67  8:07  Cybernetics Core  
  67  8:12  Stargate  
  67  8:14  Stargate  
  67  8:17  Cybernetics Core  
  67  8:19  Probe  
  67  8:23  Nexus  
  68  8:27  Probe  
  69  8:37  Probe  
  69  8:39  Probe  
  70  8:47  Probe, Assimilator  
  71  8:49  Probe  
  71  8:51  Assimilator  
  73  8:55  Stargate  
  73  8:58  Stargate  
  73  9:00  Stargate  
  73  9:01  Probe  
  74  9:03  Fleet Beacon  
  65  9:30  Probe  
  65  9:38  Probe  
  65  9:40  Pylon  
  65  9:42  Photon Cannon  
  66  9:48  Probe  
  66  9:49  Carrier x3  
  66  9:50  Carrier  
  66  9:52  Carrier  
  91  9:56  Carrier  
  103  10:00  Probe  
  104  10:09  Probe  
  104  10:13  Probe  
  105  10:16  Photon Cannon  
  105  10:17  Probe  
  106  10:22  Probe, Graviton Catapult  
  106  10:24  Protoss Air Weapons Level 2  
  106  10:26  Probe  
  106  10:28  Protoss Air Armor Level 1  
  108  10:30  Photon Cannon  
  108  10:31  Probe  
  110  10:38  Probe  
  110  10:51  Probe  
  102  11:21  Carrier  
  102  11:22  Carrier  
  102  11:23  Carrier  
  102  11:25  Carrier  
  126  11:42  Photon Cannon  
  126  11:46  Probe, Photon Cannon  
  126  11:52  Photon Cannon  
  127  11:54  Probe  
  128  12:02  Probe  
  128  12:07  Pylon  
  125  12:10  Probe  
  124  12:20  Probe  
  121  12:32  Probe  
  122  12:44  Probe  
  123  12:55  Templar Archives  
  123  13:09  Probe  
  119  13:17  Probe  
  111  13:27  Probe  
  108  13:36  Pylon  
  108  13:38  Pylon  
  108  13:39  Probe  
  108  13:40  Carrier  
  139  13:51  Probe  
  99  14:59  Probe  
  100  15:10  Nexus  
  100  15:11  Probe, Carrier, Pylon  
  100  15:13  Carrier  
  101  15:14  Pylon  
  101  15:17  Carrier  
  101  15:18  Carrier x2  
  119  15:23  Probe  
  119  15:25  Pylon  
  119  15:27  Pylon  
  120  15:29  Pylon  
  120  15:34  Nexus  
  96  15:54  Carrier  
  96  16:13  Pylon  
  96  16:23  Forge  
  83  17:11  High Templar  
  83  17:12  High Templar  
Show
View Real Time Build Order
Export as new Build Order

Root Terran 

Build Orders: MMM Bio 

Get SALT Encoding   

  12  0:01  SCV  
  13  0:13  SCV  
  14  0:18  Supply Depot  
  14  0:26  SCV  
  15  0:39  SCV  
  15  0:41  Barracks  
  16  0:51  SCV  
  16  0:55  Refinery  
  17  1:03  SCV  
  18  1:15  SCV  
  19  1:26  Refinery  
  19  1:29  SCV  
  20  1:45  Reaper  
  21  1:50  SCV  
  22  2:01  Command Center  
  22  2:06  Orbital Command  
  22  2:29  Barracks Reactor  
  22  2:34  SCV  
  23  2:43  Supply Depot  
  23  2:46  Barracks  
  23  3:05  SCV  
  24  3:10  Factory  
  24  3:12  Marine x2  
  26  3:17  SCV, Orbital Command  
  27  3:24  Bunker  
  27  3:29  SCV  
  27  3:30  Marine x2  
  30  3:35  Barracks Tech Lab  
  30  3:41  SCV  
  30  3:46  SCV  
  30  3:47  Marine  
  30  3:48  Marine  
  34  3:57  Supply Depot  
  34  3:58  SCV  
  35  4:04  Engineering Bay  
  35  4:05  Marine x2  
  37  4:10  SCV x2  
  37  4:16  Stimpack  
  39  4:22  SCV x2  
  39  4:23  Marine  
  43  4:26  Marauder  
  44  4:33  Missile Turret  
  44  4:34  Terran Infantry Weapons Level 1  
  44  4:35  Factory Tech Lab  
  44  4:37  SCV  
  45  4:46  Marine x2  
  45  4:48  Marauder  
  45  4:49  SCV  
  50  4:54  SCV  
  50  4:59  Refinery  
  51  5:01  Refinery, SCV  
  51  5:06  SCV, Starport  
  53  5:07  Marine  
  54  5:19  Supply Depot  
  54  5:21  Supply Depot  
  54  5:36  SCV  
  54  5:41  Marauder, Marine  
  57  5:44  Marine  
  57  5:47  Siege Tank  
  57  5:48  SCV  
  62  5:52  SCV  
  63  5:59  Marine  
  63  6:00  SCV  
  63  6:03  Marauder, Command Center, Starport Reactor, Marine  
  68  6:05  SCV, Barracks  
  69  6:12  SCV  
  69  6:15  Supply Depot  
  70  6:28  Terran Infantry Armor Level 1, SCV, Marauder, Marine x2  
  75  6:38  Supply Depot  
  75  6:39  Medivac x2  
  79  6:40  SCV  
  79  6:46  Marine x2  
  82  6:48  Siege Tank  
  82  6:52  SCV  
  86  6:56  Marauder  
  88  7:02  Supply Depot, Barracks Reactor  
  88  7:03  Marine x2  
  88  7:04  Barracks  
  89  7:11  SCV  
  90  7:20  Siege Tank  
  90  7:21  Marine  
  94  7:23  SCV  
  94  7:25  Armory, Supply Depot  
  94  7:31  SCV  
  95  7:39  SCV  
  95  7:42  Marine  
  95  7:43  SCV, Marine x3  
  101  7:45  Marauder  
  101  7:46  Combat Shields  
  101  7:48  Supply Depot  
  103  7:51  SCV  
  103  8:00  Marine x3  
  103  8:01  Marine  
  107  8:06  Marauder  
  109  8:19  Marine x4  
  113  8:20  Supply Depot  
  113  8:21  Barracks Reactor  
  113  8:28  Marauder, Medivac x2  
  113  8:30  Barracks  
  113  8:31  Orbital Command  
  119  8:37  Missile Turret  
  119  8:39  SCV  
  120  8:42  Marine x3  
  120  8:43  Supply Depot, Marine  
  124  8:49  Marauder  
  124  8:51  SCV  
  127  8:57  SCV  
  127  8:59  Marine x2  
  127  9:00  Marine x4  
  134  9:04  SCV  
  134  9:06  Supply Depot  
  134  9:09  SCV  
  136  9:11  Marauder  
  136  9:16  Marine  
  138  9:30  Supply Depot  
  134  9:32  Marauder  
  134  9:37  Marine x5  
  134  9:38  Marine  
  137  9:44  Refinery, SCV  
  138  9:45  Refinery  
  138  9:48  Terran Infantry Armor Level 2  
  138  9:52  Engineering Bay  
  138  9:53  Marauder  
  138  9:55  Marine x5  
  138  9:56  SCV, Supply Depot  
  146  10:00  Marine  
  146  10:04  Barracks Tech Lab  
  147  10:09  Command Center, Medivac  
  147  10:10  Starport  
  147  10:12  Marine  
  147  10:13  Marine  
  151  10:15  Marauder  
  151  10:16  SCV  
  151  10:19  Supply Depot, Marine x2  
  151  10:21  Marine  
  157  10:28  SCV  
  158  10:35  Marine x4  
  160  10:36  Marauder  
  160  10:37  Marine x2  
  160  10:39  Siege Tank  
  160  10:40  Medivac  
  160  10:41  Medivac  
  160  10:42  Supply Depot  
  173  10:46  SCV  
  173  10:49  Terran Infantry Weapons Level 2  
  174  10:52  Starport Reactor  
  174  10:55  Starport  
  173  10:57  Marauder  
  173  10:58  SCV  
  172  11:07  Marine x4  
  172  11:08  Marauder, Marine x2  
  172  11:10  SCV  
  177  11:11  Siege Tank  
  180  11:19  Marauder  
  180  11:25  Marine x3  
  184  11:26  Liberator  
  184  11:27  Planetary Fortress  
  184  11:29  Marauder  
  184  11:30  Refinery  
  187  11:33  Marine x3  
  190  11:40  Marauder, Concussive Shells  
  190  11:43  Marine x2  
  190  11:44  Siege Tank  
  200  11:47  Starport Tech Lab  
  200  11:56  Refinery  
  200  12:04  Barracks  
  193  12:25  Marine x3  
  193  12:26  Marauder, Marine x2  
  193  12:50  Terran Infantry Armor Level 3  
  193  12:52  Barracks  
  178  13:26  Marine x5  
  178  13:27  Marine x3  
  186  13:44  Marine x6  
  186  13:45  Marine x2  
  164  14:02  Marine x8  
  164  14:03  SCV  
  157  14:15  SCV  
  147  14:19  Marine x2  
  147  14:20  Marine x6  
  144  14:27  SCV  
  76  14:32  Liberator x2  
  76  14:33  Barracks Reactor x2  
  76  14:37  Marine x3  
  76  14:38  Marine x5  
  80  14:39  SCV  
  78  14:51  SCV  
  85  14:55  Marine x5  
  85  14:56  Marine x3  
  85  14:59  Viking x2  
  97  15:03  SCV  
  98  15:13  Marine x6  
  98  15:14  Marine x5  
  104  15:15  Marine  
  111  15:22  Command Center  
  106  15:29  Viking x2  
  106  15:31  Marine x7  
  106  15:32  Marine  
  99  15:39  Marine x4  
  84  15:48  Marine  
  84  15:49  Marine x7  
  87  15:56  Marine  
  87  15:57  Marine x3  
  88  15:58  Viking  
  88  15:59  Viking  
  88  16:06  Marine x3  
  88  16:07  Marine x5  
  91  16:14  Marine x2  
  91  16:15  Marine x2  
  95  16:28  Viking  
  95  16:29  Viking  
Tags
 
Composition
MMM Bio
Matchup
PvT
Spawn Locations
Cross Positions
Add a new tag
Caveats
  • Supply blocks, unpowered buildings, or Contaminate may cause inaccurate times.
  • Supply counts are checked every 10 seconds.